 Dungeon Crawl Stone Soup version 0.21.1-1-g345015fe64 (webtiles) character file.

47 BrokenGlass the Shield-Bearer (level 3, 0/26 HPs)
             Began as an Octopode Fighter on Feb 17, 2018.
             Slain by Natasha (13 damage)
             ... on level 2 of the Dungeon.
             The game lasted 00:01:52 (1395 turns).

BrokenGlass the Shield-Bearer (Octopode Fighter)    Turns: 1395, Time: 00:01:52

Health: 0/26       AC:  1    Str: 16    XL:     3   Next: 70%
Magic:  3/3        EV: 14    Int: 10    God:
Gold:   105        SH:  4    Dex: 11    Spells: 2/2 levels left

rFire    . . .     SeeInvis .     - Unarmed
rCold    . . .     Gourm    .   k - +0 buckler
rNeg     . . .     Faith    .   (helmet restricted)
rPois    .         Spirit   .   (no amulet)
rElec    .         Reflect  .   (no ring)
rCorr    .         Harm     .   (no ring)
MR       .....                  (no ring)
Stlth    ++........             (no ring)
HPRegen  0.08/turn              (no ring)
MPRegen  0.08/turn              (no ring)
                                (no ring)
                                (no ring)

@: no status effects
A: almost no armour, stealthy swim, amphibious, 8 rings, constrict 8, camouflage
1, gelatinous body 1
a: no special abilities


You were on level 2 of the Dungeon.
You were hungry.

You visited 1 branch of the dungeon, and saw 2 of its levels.

You collected 105 gold pieces.

Inventory:

Missiles
 e - 38 bolts
Armour
 a - a +0 shield
 k - a +0 buckler (worn)
Scrolls
 g - a scroll of teleportation {unknown}
 h - 2 scrolls of immolation {unknown}
 i - a scroll of remove curse {unknown}
 j - 5 scrolls of identify {unknown}
Potions
 b - a potion of might
 d - a potion of berserk rage {unknown}
 f - a potion of curing {unknown}
 l - a potion of heal wounds {unknown}
Comestibles
 c - 2 rations


   Skills:
 - Level 3.0 Fighting
 - Level 3.0 Dodging
 + Level 3.5 Shields
 - Level 3.4 Unarmed Combat


You had 2 spell levels left.
You didn't know any spells.

Dungeon Overview and Level Annotations

Branches:
Dungeon (2/15)

Altars:

Annotations:
D:2 Natasha


Innate Abilities, Weirdness & Mutations

You cannot wear most types of armour.
You are very stealthy in the water. (Stealth+)
You are amphibious.
You can wear up to eight rings at the same time.
You can use your tentacles to constrict eight enemies at once.
Your skin changes colour to match your surroundings (Stealth+).
Your rubbery body absorbs attacks. (AC +1, EV +1)


Message History

Natasha is lightly wounded.
You constrict Natasha, but do no damage.
Natasha claws you!
You are too injured to fight recklessly!
You are too injured to fight recklessly!
You are too injured to fight recklessly!
You are too injured to fight recklessly!
You are too injured to fight recklessly!
You are too injured to fight recklessly!
You are too injured to fight recklessly!
Unknown command.
You tentacle-slap Natasha. x2
Natasha is moderately wounded.
You constrict Natasha.
Natasha drinks a potion.
Natasha seems to grow stronger.
Unknown command.
You completely miss Natasha.
Natasha is heavily wounded.
You constrict Natasha. Natasha claws you!
Ouch! That really hurt!
You die...

.###.#.#.#. #.
....#....... ..
.....#.#.#.# ..
............... #.
....#.#.#.#.#. #.
....#......... #. #.
....#..#.#.#.#
#...#.####.#......†....
#.....@..#.#.....#.#.#.
......h##.#.#...........
.#..#.g.....#......#.#.#
#......................
..##..#..##.....(.....
.... ##.#g.##......†####
... #.#..##.......# .. #
#..##.......#
#..####.#####


You could see Natasha and a hobgoblin.

Vanquished Creatures
  A worm (D:2)
  2 dart slugs (D:1)
  2 leopard geckos (D:1)
  A ball python (D:2)
  4 bats
  3 giant cockroaches (D:1)
  6 goblins
  5 hobgoblins
  7 kobolds (D:1)
  3 frilled lizards (D:1)
  3 rats
37 creatures vanquished.

Notes
Turn   | Place    | Note
-------+----------+-------------------------------------------
     0 | D:1      | BrokenGlass the Octopode Fighter began the quest for the Orb.
     0 | D:1      | Reached XP level 1. HP: 16/16 MP: 1/1
   157 | D:1      | Reached XP level 2. HP: 16/21 MP: 2/2
   528 | D:1      | Reached XP level 3. HP: 20/26 MP: 3/3
  1386 | D:2      | Noticed Natasha
  1395 | D:2      | Slain by Natasha

Skill      XL: |  1  2 |
---------------+-------+-----
Unarmed Combat | 3 |  3.4
Fighting       | |  3.0
Dodging        | |  3.0
Shields        | |  3.5

Action                   || total
-------------------------++-------
Melee: Unarmed           ||    92
       Constrict         ||    18
       Tentacles         ||    12
       Punch             ||     3
 Stab: Sleeping          ||     4
       Distracted        ||     1
  Eat: Chunk             ||     1
Armor: Skin              ||     6
Dodge: Dodged            ||    51
Block: Buckler           ||     7
